 Dungeon Crawl Stone Soup version 0.28.0-45-g0d030f2227 (webtiles) character file.

Game seed: 10850843657013781716

51 hawla the Stinger (level 3, -2/26 HPs)
             Began as a Draconian Venom Mage on Apr 24, 2022.
             Killed by divine providence
             ... invoked by an orc priest
              (16 damage)
             ... on level 3 of the Dungeon.
             The game lasted 00:04:52 (2532 turns).

hawla the Stinger (Draconian Venom Mage)            Turns: 2532, Time: 00:04:52

Health: -2/26      AC:  5    Str: 10    XL:     3   Next: 58%
Magic:  3/6        EV: 12    Int: 17    God:
Gold:   80         SH:  0    Dex: 11    Spells: 4/7 levels left

rFire   . . .      SeeInvis .   a - +0 dagger
rCold   . . .      Faith    .   (no shield)
rNeg    . . .      Spirit   .   (armour unavailable)
rPois   .          Reflect  .   (helmet restricted)
rElec   .          Harm     .   (no cloak)
rCorr   .          Rampage  .   (no gloves)
Will    .....                   (no boots)
Stlth   ++........              i - amulet of magic regeneration
HPRegen 0.08/turn               (no ring)
MPRegen 0.50/turn               (no ring)

@: no status effects
A: AC +5, unfitting armour, cold-blooded
a: no special abilities


You were on level 3 of the Dungeon.
You visited 1 branch of the dungeon, and saw 3 of its levels.

You collected 80 gold pieces.

Inventory:

Hand Weapons
 a - a +0 dagger (weapon)
Missiles
 d - 9 poisoned darts
Jewellery
 i - an amulet of magic regeneration (around neck)
Scrolls
 f - 2 scrolls of fog
 g - a scroll of summoning
 h - a scroll of teleportation
 j - a scroll of identify {unknown}
Potions
 b - a potion of brilliance {unknown}
 c - 2 potions of resistance {unknown}
 e - a potion of lignification {unknown}


   Skills:
 + Level 1.9 Dodging
 + Level 1.9 Stealth
 + Level 2.6 Spellcasting
 + Level 1.4 Transmutations
 + Level 0.3 Air Magic
 + Level 3.8 Poison Magic


You had 4 spell levels left.
You knew the following spells:

 Your Spells              Type           Power      Damage    Failure   Level
a - Sting                 Tmut/Pois      44%        1d5       6%          1
b - Poisonous Vapours     Pois/Air       18%        N/A       12%         2

Your spell library contained the following spells:

 Spells                   Type           Power      Damage    Failure   Level
 Mephitic Cloud           Conj/Pois/Air  6%         N/A       30%         3
 Olgreb's Toxic Radiance  Pois           15%        N/A       36%         4


Dungeon Overview and Level Annotations

Branches:
Dungeon (3/15)

Altars:
Qazlal


Innate Abilities, Weirdness & Mutations

Your plain brown scales are hard. (AC +5)
You cannot fit into any form of body armour.
You are cold-blooded and may be slowed by cold attacks.


Message History

Press: ? - help, Dir - move target, f - orc
Aim: an orc, wielding a +0 flail Poisonous vapours surround the orc!
The orc is poisoned.
The orc shouts!
Casting: Poisonous Vapours (safe; 12% risk of failure)
Confirm with . or Enter, or press ? or * to list all spells.
Aiming: Poisonous Vapours (safe; 12% risk of failure)
Press: ? - help, Dir - move target, f - orc priest, p - orc
Aim: an orc priest, wielding a +0 dagger Poisonous vapours surround the orc priest!
The orc priest is poisoned.
The orc hits you with a +0 flail.
The orc priest looks braver for a moment.
Casting: Poisonous Vapours (safe; 12% risk of failure)
Confirm with . or Enter, or press ? or * to list all spells.
Aiming: Poisonous Vapours (safe; 12% risk of failure)
Press: ? - help, Dir - move target, f/p - orc priest
Aim: an orc priest, wielding a +0 dagger (poisoned) Poisonous vapours surround the orc priest!
The orc priest looks even sicker.
The orc barely misses you.
The orc priest looks encouraged for a moment.
The orc looks more healthy.
Casting: Poisonous Vapours (safe; 12% risk of failure)
Confirm with . or Enter, or press ? or * to list all spells.
Aiming: Poisonous Vapours (safe; 12% risk of failure)
Press: ? - help, Dir - move target, f/p - orc priest
Aim: an orc priest, wielding a +0 dagger (lightly wounded, very poisoned) Poisonous vapours surround the orc priest!
The orc priest looks even sicker.
The orc hits you with a +0 flail.
Casting: Poisonous Vapours (safe; 12% risk of failure)
Confirm with . or Enter, or press ? or * to list all spells.
Aiming: Poisonous Vapours (safe; 12% risk of failure)
Press: ? - help, Dir - move target, f/p - orc priest
Aim: an orc priest, wielding a +0 dagger (severely wounded, very poisoned) Poisonous vapours surround the orc priest!
The orc priest looks even sicker.
The orc hits you with a +0 flail!
The orc priest calls down the wrath of Beogh upon you.
Beogh smites you!
Ouch! That really hurt!
You die...

#.# #.# #####.# #...#.#
#####.#.#.################
..........................
####.#.#.#######....#####
#.....#†# #....# ##..###@#
#....# #.######..# #o# #....#
#.........# #.# #....#
#.........# #o# #....#
#.........###o#######....#
#>...................#####
########..###.######..########
#..# #.# #.......)..# ....#
#.# #..........#


You could see an orc priest (very poisoned) and 2 orcs.

Vanquished Creatures
  An adder (D:2)
  A dart slug (D:3)
  An orc (D:3)
  4 ball pythons
  2 bats
  4 endoplasms
  2 goblins (D:2)
  4 hobgoblins
  2 jackals (D:3)
  5 kobolds
  3 quokkas
  A frilled lizard (D:3)
  7 rats
37 creatures vanquished.

Notes
Turn   | Place    | Note
-------+----------+-------------------------------------------
     0 | D:1      | hawla the Draconian Venom Mage began the quest for the Orb.
     0 | D:1      | Reached XP level 1. HP: 14/14 MP: 3/3
   569 | D:1      | Reached XP level 2. HP: 20/20 MP: 3/5
   586 | D:1      | Learned a level 2 spell: Poisonous Vapours
  1004 | D:2      | Found a faded altar of an unknown god.
  1381 | D:2      | Reached XP level 3. HP: 26/26 MP: 0/6
  1910 | D:3      | Found a stormy altar of Qazlal.
  2532 | D:3      | Killed from afar by an orc priest

Illustrated notes

Levels and vault maps discovered:
D:1:      amcnicky_arrival_gap_in_the_tavern_cellar, layout_loops_ring
D:2:      layout_basic, nicolae_ecumenical_pavilion
D:3:      layout_basic, nicolae_overflow_crystal_walls, uniq_ijyb

Action                   || total
-------------------------++-------
Melee: Unarmed           ||     9
       Tailslap          ||     5
       Dagger            ||    34
 Cast: Sting             ||    33
       Poisonous Vapours ||    27
  Use: Scroll            ||     4
Armor: Skin              ||     7
Dodge: Dodged            ||    32
